TOP OF THE 1ST |
Salem Misfits batting - Pitching for Chesapeake Continentals : RHP Obadiah Small
|
Pitching: RHP Obadiah Small
|
|
Batting: LHB José Cuervo
|
0-0: Called Strike 0-1: Called Strike 0-2: Ball 1-2: Ground out 4-3 (Groundball, 4)
|
Batting: RHB Robinson Barquero
|
0-0: Swinging Strike 0-1: Ball 1-1: Ball 2-1: Foul Ball, location: 2F 2-2: Foul Ball, location: 2F 2-2: Ball 3-2: Foul Ball, location: 2F 3-2: Foul Ball, location: 2F 3-2: Base on Balls
|
Batting: LHB Cris Gonzáles
|
0-0: Ball 1-0: Foul Ball, location: 2F 1-1: Foul Ball, location: 2F 1-2: SINGLE (Groundball, 4MD) Robinson Barquero to second
|
Batting: RHB Vicente Andros
|
0-0: Fly out, F7 (Flyball, 7S)
|
Batting: LHB Rodrigo Gómez
|
0-0: Ball 1-0: Called Strike 1-1: Ground out 4-3 (Groundball, 4D)
|
Top of the 1st over - 0 runs, 1 hit, 0 errors, 2 left on base; Salem 0 - Chesapeake 0 |
BOTTOM OF THE 1ST |
Chesapeake Continentals batting - Pitching for Salem Misfits : RHP Lorenzo Valverde
|
Pitching: RHP Lorenzo Valverde
|
|
Batting: RHB Marcos Alfaro
|
0-0: Foul Ball, location: 2F 0-1: Ball 1-1: Ground out 5-3 (Groundball, 56)
|
Batting: SHB Holden Nolan
|
0-0: Ball 1-0: Called Strike 1-1: Ball 2-1: Ball 3-1: Base on Balls
|
Batting: RHB Rand McNally
|
0-0: Ball 1-0: Called Strike 1-1: Called Strike 1-2: Ball 2-2: Fielders Choice at 2nd, 6-4 (Groundball, 6)
|
Batting: RHB Syed Sarkar
|
0-0: Called Strike 0-1: Ball 1-1: Swinging Strike 1-2: Ground out 6-3 (Groundball, 6M)
|
Bottom of the 1st over - 0 runs, 0 hits, 0 errors, 1 left on base; Salem 0 - Chesapeake 0 |
TOP OF THE 2ND |
Salem Misfits batting - Pitching for Chesapeake Continentals : RHP Obadiah Small
|
Batting: LHB Donatas Montiejunas
|
0-0: Fly out, F8 (Line Drive, 8LM)
|
Batting: RHB Jason Ward
|
0-0: Ball 1-0: Ball 2-0: Called Strike 2-1: Bunted foul 2-2: Fly out, F2 (Popup, 23F)
|
Batting: LHB Tyler Knopp
|
0-0: Ball 1-0: Swinging Strike 1-1: Fly out, F3 (Popup, 3SF)
|
Top of the 2nd over - 0 runs, 0 hits, 0 errors, 0 left on base; Salem 0 - Chesapeake 0 |
BOTTOM OF THE 2ND |
Chesapeake Continentals batting - Pitching for Salem Misfits : RHP Lorenzo Valverde
|
Batting: RHB Arturo Scantlebury
|
0-0: Fly out, F7 (Flyball, 78S)
|
Batting: RHB Jesús Recesvinto
|
0-0: Foul Ball, location: 2F 0-1: Fly out, F8 (Flyball, 8LD)
|
Batting: RHB Wes Griffith
|
0-0: Fly out, F8 (Line Drive, 8LM)
|
Bottom of the 2nd over - 0 runs, 0 hits, 0 errors, 0 left on base; Salem 0 - Chesapeake 0 |
TOP OF THE 3RD |
Salem Misfits batting - Pitching for Chesapeake Continentals : RHP Obadiah Small
|
Batting: RHB Paul O'Neill
|
0-0: Bunted foul 0-1: Ground out U3 (Groundball, 3S)
|
Batting: LHB José Cuervo
|
0-0: Ball 1-0: Foul Ball, location: 2F 1-1: SINGLE (Flyball, 9LS)
|
Batting: RHB Robinson Barquero
|
0-0: Ball 1-0: Foul Ball, location: 2F 1-1: Ball 2-1: Ground out 5-3 (Groundball, 56S) José Cuervo to second
|
Batting: LHB Cris Gonzáles
|
0-0: Ball 1-0: Ground out U3 (Groundball, 3S)
|
Top of the 3rd over - 0 runs, 1 hit, 0 errors, 1 left on base; Salem 0 - Chesapeake 0 |
BOTTOM OF THE 3RD |
Chesapeake Continentals batting - Pitching for Salem Misfits : RHP Lorenzo Valverde
|
Batting: RHB Alfonso Morín
|
0-0: Called Strike 0-1: Ball 1-1: Ball 2-1: Swinging Strike 2-2: Ground out 5-3 (Groundball, 56)
|
Batting: RHB Dani Durán
|
0-0: Foul Ball, location: 2F 0-1: Swinging Strike 0-2: Strikes out swinging
|
Batting: RHB Marcos Alfaro
|
0-0: Foul Ball, location: 2F 0-1: Foul Ball, location: 2F 0-2: Ball 1-2: Ball 2-2: Foul Ball, location: 2F 2-2: Ground out 1-3 (Groundball, P)
|
Bottom of the 3rd over - 0 runs, 0 hits, 0 errors, 0 left on base; Salem 0 - Chesapeake 0 |
TOP OF THE 4TH |
Salem Misfits batting - Pitching for Chesapeake Continentals : RHP Obadiah Small
|
Batting: RHB Vicente Andros
|
0-0: Called Strike 0-1: Called Strike 0-2: Ball 1-2: Ball 2-2: Ball 3-2: Foul Ball, location: 2F 3-2: Fly out, F8 (Flyball, 8RM)
|
Batting: LHB Rodrigo Gómez
|
0-0: Ball 1-0: Ball 2-0: Called Strike 2-1: Ball 3-1: SINGLE (Groundball, 4MD)
|
Batting: LHB Donatas Montiejunas
|
0-0: Called Strike 0-1: SINGLE (Groundball, 6M) (infield hit) Rodrigo Gómez to second
|
Batting: RHB Jason Ward
|
0-0: Foul Ball, location: 2F 0-1: Called Strike 0-2: Strikes out looking
|
Batting: LHB Tyler Knopp
|
0-0: Fly out, F7 (Line Drive, 7S)
|
Top of the 4th over - 0 runs, 2 hits, 0 errors, 2 left on base; Salem 0 - Chesapeake 0 |
BOTTOM OF THE 4TH |
Chesapeake Continentals batting - Pitching for Salem Misfits : RHP Lorenzo Valverde
|
Batting: SHB Holden Nolan
|
0-0: Ball 1-0: Called Strike 1-1: Fly out, F8 (Line Drive, 8LS)
|
Batting: RHB Rand McNally
|
0-0: Ball 1-0: Ground out 1-3 (Groundball, 13)
|
Batting: RHB Syed Sarkar
|
0-0: Ball 1-0: Fly out, F7 (Flyball, 7D)
|
Bottom of the 4th over - 0 runs, 0 hits, 0 errors, 0 left on base; Salem 0 - Chesapeake 0 |
TOP OF THE 5TH |
Salem Misfits batting - Pitching for Chesapeake Continentals : RHP Obadiah Small
|
Batting: RHB Paul O'Neill
|
0-0: Called Strike 0-1: Ball 1-1: Fly out, F7 (Flyball, 7S)
|
Batting: LHB José Cuervo
|
0-0: Ball 1-0: Ball 2-0: SINGLE (Flyball, 7S)
|
Batting: RHB Robinson Barquero
|
0-0: Foul Ball, location: 2F 0-1: Ball 1-1: Ball 2-1: Called Strike 2-2: Ball 3-2: Fielders Choice at 2nd, 6-4 (Groundball, 56)
|
Batting: LHB Cris Gonzáles
|
0-0: Foul Ball, location: 2F 0-1: Foul Ball, location: 2F 0-2: Ball 1-2: Ground out 4-3 (Groundball, 34)
|
Top of the 5th over - 0 runs, 1 hit, 0 errors, 1 left on base; Salem 0 - Chesapeake 0 |
BOTTOM OF THE 5TH |
Chesapeake Continentals batting - Pitching for Salem Misfits : RHP Lorenzo Valverde
|
Batting: RHB Arturo Scantlebury
|
0-0: Swinging Strike 0-1: Called Strike 0-2: Strikes out swinging
|
Batting: RHB Jesús Recesvinto
|
0-0: Called Strike 0-1: Fly out, F4 (Popup, 34S)
|
Batting: RHB Wes Griffith
|
0-0: Called Strike 0-1: Foul Ball, location: 2F 0-2: Ball 1-2: Ball 2-2: Ball 3-2: Base on Balls
|
Batting: RHB Alfonso Morín
|
0-0: Called Strike 0-1: Ball 1-1: Ball 2-1: Called Strike 2-2: Ball 3-2: SINGLE (Flyball, 89S) Wes Griffith to second Wes Griffith to third
|
Batting: RHB Dani Durán
|
0-0: Ball 1-0: Foul Ball, location: 2F 1-1: Ball 2-1: Ground out 5-3 (Groundball, 56S)
|
Bottom of the 5th over - 0 runs, 1 hit, 0 errors, 2 left on base; Salem 0 - Chesapeake 0 |
TOP OF THE 6TH |
Salem Misfits batting - Pitching for Chesapeake Continentals : RHP Obadiah Small
|
Batting: RHB Vicente Andros
|
0-0: Ball 1-0: Ball 2-0: Ball 3-0: Called Strike 3-1: Swinging Strike 3-2: Ground out 1-3 (Groundball, P)
|
Batting: LHB Rodrigo Gómez
|
0-0: Swinging Strike 0-1: Ball 1-1: Ball 2-1: SOLO HOME RUN (Line Drive, 89XD), Distance : 403 ft
|
Batting: LHB Donatas Montiejunas
|
0-0: Called Strike 0-1: Swinging Strike 0-2: Ball 1-2: Strikes out swinging
|
Batting: RHB Jason Ward
|
0-0: Called Strike 0-1: Ball 1-1: Foul Ball, location: 2F 1-2: Ball 2-2: Foul Ball, location: 2F 2-2: Ball 3-2: Fly out, F6 (Popup, P)
|
Top of the 6th over - 1 run, 1 hit, 0 errors, 0 left on base; Salem 1 - Chesapeake 0 |
BOTTOM OF THE 6TH |
Chesapeake Continentals batting - Pitching for Salem Misfits : RHP Lorenzo Valverde
|
Batting: RHB Marcos Alfaro
|
0-0: Ball 1-0: Ball 2-0: Called Strike 2-1: Ground out 6-3 (Groundball, 6)
|
Batting: SHB Holden Nolan
|
0-0: Foul Ball, location: 2F 0-1: Ground out 6-3 (Groundball, 6S)
|
Batting: RHB Rand McNally
|
0-0: Called Strike 0-1: Ball 1-1: Called Strike 1-2: Foul Ball, location: 2F 1-2: Fly out, F8 (Flyball, 8LD)
|
Bottom of the 6th over - 0 runs, 0 hits, 0 errors, 0 left on base; Salem 1 - Chesapeake 0 |
TOP OF THE 7TH |
Salem Misfits batting - Pitching for Chesapeake Continentals : RHP Obadiah Small
|
Batting: LHB Tyler Knopp
|
0-0: Foul Ball, location: 2F 0-1: Swinging Strike 0-2: Foul Ball, location: 2F 0-2: Ball 1-2: DOUBLE (Line Drive, 78D)
|
Pitching: LHP Marcos Beringel
|
|
Batting: RHB Paul O'Neill
|
0-0: Ball 1-0: Ball 2-0: Ball 3-0: Called Strike 3-1: Swinging Strike 3-2: Fly out, F7 (Flyball, 7)
|
Batting: LHB José Cuervo
|
0-0: Ball 1-0: Foul Ball, location: 2F 1-1: Ball 2-1: Ball 3-1: Foul Ball, location: 2F 3-2: Ground out 1-3 (Groundball, 13) Tyler Knopp to third
|
Batting: RHB Robinson Barquero
|
0-0: Ball 1-0: Swinging Strike 1-1: Ball 2-1: Fly out, F8 (Flyball, 78D)
|
Top of the 7th over - 0 runs, 1 hit, 0 errors, 1 left on base; Salem 1 - Chesapeake 0 |
BOTTOM OF THE 7TH |
Chesapeake Continentals batting - Pitching for Salem Misfits : RHP Lorenzo Valverde
|
Pitching: RHP Kelly Henry
|
|
Batting: RHB Syed Sarkar
|
0-0: Foul Ball, location: 2F 0-1: Hit by Pitch
|
Batting: RHB Arturo Scantlebury
|
0-0: Foul Ball, location: 2F 0-1: Grounds into double play, 6-4-3 (Groundball, 6)
|
Batting: RHB Jesús Recesvinto
|
0-0: Ball 1-0: Called Strike 1-1: SINGLE (Groundball, 56D)
|
Pinch Hitting: LHB Ángel Pineda
|
0-0: Called Strike 0-1: Fly out, F2 (Popup, 2L)
|
Bottom of the 7th over - 0 runs, 1 hit, 0 errors, 1 left on base; Salem 1 - Chesapeake 0 |
TOP OF THE 8TH |
Salem Misfits batting - Pitching for Chesapeake Continentals : LHP Marcos Beringel
|
Now in LF: Ángel Pineda
|
|
Batting: LHB Cris Gonzáles
|
0-0: Ball 1-0: Ball 2-0: Ground out 5-3 (Groundball, 56S)
|
Batting: RHB Vicente Andros
|
0-0: Ball 1-0: Ground out 5-3 (Groundball, 5S)
|
Batting: LHB Rodrigo Gómez
|
0-0: Ball 1-0: Ball 2-0: Ball 3-0: Base on Balls
|
Pinch Hitting: LHB Austin Hathaway
|
0-0: Ball 1-0: Fly out, F8 (Flyball, 8LM)
|
Top of the 8th over - 0 runs, 0 hits, 0 errors, 1 left on base; Salem 1 - Chesapeake 0 |
BOTTOM OF THE 8TH |
Chesapeake Continentals batting - Pitching for Salem Misfits : RHP Kelly Henry
|
Now at C: Austin Case
|
|
Now in LF: Austin Hathaway
|
|
Batting: RHB Alfonso Morín
|
0-0: Called Strike 0-1: Ball 1-1: SINGLE (Flyball, 8LS)
|
Batting: RHB Dani Durán
|
0-0: Ball 1-0: Bunted foul 1-1: Bunted foul 1-2: Foul Ball, location: 2F 1-2: Foul Ball, location: 2F 1-2: Ball 2-2: Ball 3-2: Fly out, F8 (Line Drive, 8LS)
|
Batting: RHB Marcos Alfaro
|
0-0: Foul Ball, location: 2F 0-1: Ball 1-1: Ball 2-1: Ball 3-1: Grounds into double play, 6-4-3 (Groundball, 6)
|
Bottom of the 8th over - 0 runs, 1 hit, 0 errors, 0 left on base; Salem 1 - Chesapeake 0 |
TOP OF THE 9TH |
Salem Misfits batting - Pitching for Chesapeake Continentals : LHP Marcos Beringel
|
Pitching: RHP Mat Tengku
|
|
Batting: RHB Jason Ward
|
0-0: Called Strike 0-1: Ground out 6-3 (Groundball, 6)
|
Batting: LHB Tyler Knopp
|
0-0: Foul Ball, location: 2F 0-1: Swinging Strike 0-2: Ball 1-2: Foul Ball, location: 2F 1-2: Ground out 6-3 (Groundball, 6S)
|
Batting: RHB Paul O'Neill
|
0-0: Fly out, F9 (Flyball, 9S)
|
Top of the 9th over - 0 runs, 0 hits, 0 errors, 0 left on base; Salem 1 - Chesapeake 0 |
BOTTOM OF THE 9TH |
Chesapeake Continentals batting - Pitching for Salem Misfits : RHP Kelly Henry
|
Pitching: RHP Tim Nesheim
|
|
Batting: SHB Holden Nolan
|
0-0: Ball 1-0: Fly out, F9 (Flyball, 89M)
|
Batting: RHB Rand McNally
|
0-0: Called Strike 0-1: Called Strike 0-2: Ball 1-2: Ball 2-2: Foul Ball, location: 2F 2-2: Strikes out looking
|
Batting: RHB Syed Sarkar
|
0-0: Ball 1-0: Fly out, F7 (Flyball, 7)
|
Bottom of the 9th over - 0 runs, 0 hits, 0 errors, 0 left on base; Salem 1 - Chesapeake 0 |
|